[Event "Early-Titled-Tuesday-Blitz-April-02-2024"]
[Site "Chess.com"]
[Date "2024.04.02"]
[Round "8"]
[White "Shuvalov"]
[Black "Fengwi"]
[Result "1-0"]
[WhiteElo "2592"]
[BlackElo "2376"]
[TimeControl "180+1"]
[EndTime "9:28:26 PDT"]
[Termination "Shuvalov won on time"]

1. d4 d5 2. c4 e6 3. Nf3 Nf6 4. Nc3 Be7 5. Bf4 O-O 6. e3 Nbd7 7. c5 c6 8. Bd3 b6 9. b4 a5 10. a3 Ba6 11. Bxa6 Rxa6 12. b5 cxb5 13. c6 Qc8 14. c7 b4 15. Nb5 bxa3 16. O-O Ne4 17. Qd3 Qb7 18. Rfc1 Rc8 19. Ne1 g5 20. Bg3 a4 21.
Nc2 Nxg3 22. hxg3 Ra5 23. Ncxa3 Qa6 24. Rab1 Bxa3 25. Qxa3 Rxb5 26. Rxb5 Qxb5 27. Qe7 Nf8 28. Qxg5+ Kh8 29. Qd8 Qa6 30. Rc6 Qa8 31. Qf6+ Kg8 32. e4 1-0

[Event "Early-Titled-Tuesday-Blitz-April-02-2024"]
[Site "Chess.com"]
[Date "2024.04.02"]
[Round "8"]
[White "Sanan_Sjugirov"]
[Black "viviania"]
[Result "0-1"]
[WhiteElo "2985"]
[BlackElo "2911"]
[TimeControl "180+1"]
[EndTime "9:28:29 PDT"]
[Termination "viviania won on time"]

1. d4 d5 2. c4 Nc6 3. cxd5 Qxd5 4. e3 e5 5. Nc3 Bb4 6. a3 Bxc3+ 7. bxc3 Nf6 8. c4 Qd6 9. d5 Nb8 10. a4 Bf5 11.
Ba3 c5 12. Ne2 Nbd7 13. Nc3 O-O 14. Be2 e4 15. g4 Bg6 16. h4 h6 17. Bb2 Rfe8 18.
Nb5 Qa6 19. Qd2 Rac8 20. g5 hxg5 21. hxg5 Nh7 22. Bg4 Nhf8 23. Qc3 Re5 24. Rh4 f5 25. gxf6 Qxf6 26. Bxd7 Nxd7 27. Rf4 Qe7 28. Nxa7 Rf8 29. Rxf8+ Qxf8 30. Nb5 Qf3 31. Nd6 Bh5 32. Qc2 Rg5 33.
Nxe4 Rg2 0-1

[Event "Early-Titled-Tuesday-Blitz-April-02-2024"]
[Site "Chess.com"]
[Date "2024.04.02"]
[Round "8"]
[White "ccccvhhhj"]
[Black "Alexchess1984"]
[Result "1-0"]
[WhiteElo "2443"]
[BlackElo "2719"]
[TimeControl "180+1"]
[EndTime "9:28:29 PDT"]
[Termination "ccccvhhhj won by checkmate"]

1. e4 c5 2. Nf3 Nc6 3. d4 cxd4 4. Nxd4 g6 5. Nc3 Bg7 6. Be3 Nf6 7. Nxc6 bxc6 8. e5 Ng8 9. Bd4 Qc7 10. f4 Nh6 11. e6 f6 12. exd7+ Bxd7 13. Bc4 Nf5 14. Bf2 e6 15. O-O O-O 16. Qe2 Rfe8 17. Rad1 Bf8 18.
Rd3 c5 19. Rfd1 Nd4 20. Qd2 Kg7 21. Kh1 e5 22. fxe5 fxe5 23. Nd5 Qd8 24. c3 e4 25. Rxd4 Bd6 26. Nc7 cxd4 27. Bxd4+ Be5 28. Nxa8 Qxa8 29. Bxe5+ Rxe5 30. Qxd7+ Kh6 31. Qh3+ Kg7 32. Rd7+ Kf6 33. Qh4+ Rg5 34. Qf4+ Rf5 35. Rf7# 1-0

[Event "Early-Titled-Tuesday-Blitz-April-02-2024"]
[Site "Chess.com"]
[Date "2024.04.02"]
[Round "8"]
[White "Bilan_Danila"]
[Black "falzehope0"]
[Result "1-0"]
[WhiteElo "2585"]
[BlackElo "2379"]
[TimeControl "180+1"]
[EndTime "9:28:30 PDT"]
[Termination "Bilan_Danila won on time"]

1. d4 e6 2. Nf3 d5 3. g3 Bd6 4. Bg2 f5 5. O-O Nf6 6. c4 c6 7. Bf4 Bxf4 8. gxf4 O-O 9. Nc3 Nbd7 10. Qd3 b6 11. Ne5 Nxe5 12. dxe5 Ne4 13. cxd5 cxd5 14. Bxe4 fxe4 15. Qg3 Ba6 16. Rfd1 Qe8 17. e3 Rf5 18.
Rac1 Bd3 19. Nb1 Rh5 20. Rc7 Qf8 21. Nd2 Rh6 22. Kh1 Rg6 23. Qh3 Rc8 24. Rdc1 Rxc7 25. Rxc7 h6 26. Rc1 Qb4 27. Nf1 Qxb2 28. Rc8+ Kh7 29.
Ng3 Qxf2 30. Rc1 Be2 31. Nxe2 Qxe2 32. a4 a6 33. Rb1 b5 34. axb5 axb5 35. Rg1 Rxg1+ 36.
Kxg1 b4 37. f5 1-0

[Event "Early-Titled-Tuesday-Blitz-April-02-2024"]
[Site "Chess.com"]
[Date "2024.04.02"]
[Round "8"]
[White "Ralf61"]
[Black "WCM-Mexicana"]
[Result "0-1"]
[WhiteElo "2516"]
[BlackElo "2396"]
[TimeControl "180+1"]
[EndTime "9:28:30 PDT"]
[Termination "WCM-Mexicana won on time"]

1. Nf3 d5 2. d4 c5 3. c4 Nf6 4. cxd5 cxd4 5. Qxd4 Qxd5 6. Nc3 Qxd4 7. Nxd4 e5 8. Ndb5 Na6 9. e4 Bd7 10. Be3 Bb4 11.
f3 O-O 12. Be2 Bxb5 13. Bxb5 Bc5 14. Bg5 Nb4 15. O-O-O a6 16. Be2 Rac8 17. Kb1 Bd4 18. Rc1 Bxc3 19. Rxc3 Rxc3 20. bxc3 Nc6 21. Rd1 Rd8 22.
Rxd8+ Nxd8 23. Kb2 Kf8 24. Kb3 Nc6 25. Bxf6 gxf6 26. Bc4 Ke7 27. Bd5 Nd8 28. Kb4 Kd6 29. c4 b6 30. a4 Nc6+ 31. Kc3 Nd8 32. Kb3 Kc5 33. Kc3 Ne6 34. g3 h6 35. Kd3 Kb4 0-1

[Event "Early-Titled-Tuesday-Blitz-April-02-2024"]
[Site "Chess.com"]
[Date "2024.04.02"]
[Round "8"]
[White "schachlana"]
[Black "JaackCamel"]
[Result "0-1"]
[WhiteElo "2316"]
[BlackElo "2209"]
[TimeControl "180+1"]
[EndTime "9:28:30 PDT"]
[Termination "JaackCamel won by resignation"]

1. Nf3 d5 2. e3 e6 3. c4 c6 4. b3 Nf6 5. Bb2 Bd6 6. Be2 O-O 7. O-O Nbd7 8. d3 b6 9. Nbd2 Bb7 10. Rc1 Rc8 11.
h3 Qe7 12. Re1 h6 13. e4 e5 14. Nh4 Rfe8 15. Nf5 Qf8 16. cxd5 cxd5 17. Rxc8 Rxc8 18. exd5 Bxd5 19. Nxd6 Qxd6 20. Nc4 Qc7 21. Bf3 Re8 22. Bxd5 Nxd5 23. Qf3 Nf4 24. d4 Ng6 25. d5 Nc5 26. d6 Qd7 27. a4 e4 28. Qc3 f6 29. Rd1 Nf4 30. Qe3 Nfd3 31. Bc3 Nxb3 32. f3 Nbc5 33. Qd4 Qxa4 34. Ba1 Qxd1+ 35. Kh2 Nf2 36. Qd5+ Qxd5 0-1

[Event "Early-Titled-Tuesday-Blitz-April-02-2024"]
[Site "Chess.com"]
[Date "2024.04.02"]
[Round "8"]
[White "Zhigalko_Sergei"]
[Black "Suleyman_Chess06"]
[Result "1-0"]
[WhiteElo "2885"]
[BlackElo "2772"]
[TimeControl "180+1"]
[EndTime "9:28:31 PDT"]
[Termination "Zhigalko_Sergei won by resignation"]

1. e4 e6 2. d4 d5 3. e5 c5 4. c3 Nc6 5. Nf3 Qb6 6. Bd3 cxd4 7. O-O Bd7 8. Re1 Nh6 9. c4 dxc4 10. Bxc4 d3 11.
Bxd3 Bc5 12. Qe2 Nf5 13. Nc3 Nfd4 14. Nxd4 Nxd4 15. Qg4 h5 16. Qg5 Nc2 17. Bxc2 Bxf2+ 18. Kf1 Bxe1 19. Kxe1 Qg1+ 20. Ke2 Bc6 21. Be4 Rd8 22.
Qxd8+ Kxd8 23. Bg5+ f6 24. Rxg1 fxg5 25. Bxc6 bxc6 26.
Rd1+ Ke7 27. Rd6 Rb8 28. b3 Rb6 29. Kd3 Ra6 30. b4 Rb6 31. Kc4 Ra6 32. a4 Rb6 33. a5 Rb8 34. Rxc6 Kd7 35. Rd6+ Ke7 36. Ne4 g4 37. Nc5 Rf8 38. Rd7+ Ke8 39. Rxa7 Rf2 40. Rxg7 Rxg2 41. a6 Ra2 42. b5 h4 43. Rxg4 Kf7 44.
b6 Rxh2 45. b7 Rc2+ 46. Kb3 Rxc5 47. b8=Q h3 48. Qb7+ Kf8 49. a7 1-0

[Event "Early-Titled-Tuesday-Blitz-April-02-2024"]
[Site "Chess.com"]
[Date "2024.04.02"]
[Round "8"]
[White "aljado"]
[Black "Gabcur"]
[Result "0-1"]
[WhiteElo "2143"]
[BlackElo "2339"]
[TimeControl "180+1"]
[EndTime "9:28:32 PDT"]
[Termination "Gabcur won on time"]

1. e4 e6 2. d4 d5 3. exd5 exd5 4. Bd3 Nc6 5. Ne2 Bd6 6. Nd2 Qf6 7. Nf3 h6 8. Be3 Nge7 9. Qd2 Bf5 10. O-O-O O-O-O 11. Bb5 g5 12. Ng3 Bg6 13. Rhe1 Qg7 14. h4 f6 15. a3 Kb8 16. Bd3 Qh7 17. Bxg6 Qxg6 18. Qd3 Qxd3 19. cxd3 Bxg3 20. fxg3 Rde8 21. Kd2 Kc8 22.
Bf2 Kd7 23. Re2 g4 24. Nh2 h5 25. Rde1 Nf5 26. Rxe8 Rxe8 27. Rxe8 Kxe8 28. Kc3 Kd7 29.
Nf1 Ke6 30. Nd2 b6 31. Nf1 Nd6 32. Ne3 Nb5+ 33. Kd2 Nbxd4 34. Kc3 Nf5 35. Nc2 Ke5 36. b4 d4+ 37. Kc4 Nd6+ 38. Kb3 Kd5 39. a4 a6 0-1

[Event "Early-Titled-Tuesday-Blitz-April-02-2024"]
[Site "Chess.com"]
[Date "2024.04.02"]
[Round "8"]
[White "NelsonLinda"]
[Black "TitanChess666"]
[Result "1-0"]
[WhiteElo "2638"]
[BlackElo "2518"]
[TimeControl "180+1"]
[EndTime "9:28:33 PDT"]
[Termination "NelsonLinda won by resignation"]

1. d4 Nf6 2. Nf3 g6 3. Bg5 Ne4 4. Bh4 Bg7 5. e3 c5 6. Nbd2 Nxd2 7. Qxd2 cxd4 8. exd4 Qb6 9. c3 d5 10. Bd3 Nc6 11.
h3 O-O 12. O-O Qc7 13. Rfe1 f6 14. Bc2 e6 15. Bg3 Qd8 16. Re2 Re8 17. Rae1 Bd7 18. h4 Rc8 19. h5 g5 20. Qd3 f5 21. Be5 Nxe5 22. Nxe5 a6 23. a4 Re7 24. Qg3 Bf6 25. Nf3 g4 26. Ne5 Be8 27. Nd3 Bf7 28. Nf4 Qd6 29.
Nxe6 Rxe6 30. Rxe6 Qxg3 31. fxg3 Bxe6 32. Rxe6 Bg5 33.
Bxf5 Rf8 34. Bxg4 Bc1 35. Re2 Kg7 36. Bf3 Rd8 37. Re7+ Kh6 38. Rxb7 Be3+ 39. Kh2 Bf2 40.
Rb6+ Kg5 41. Rxa6 Re8 42. Ra5 Re1 43. Rxd5+ Kh6 44. Re5 Rb1 45. Re2 Bg1+ 46. Kh3 Kg5 47. Re5+ Kf6 48. Rb5 Be3 49. Kg4 Bc1 50. a5 Bxb2 51.
a6 Bxc3 52. Rxb1 Bxd4 53. Rb7 1-0

[Event "Early-Titled-Tuesday-Blitz-April-02-2024"]
[Site "Chess.com"]
[Date "2024.04.02"]
[Round "8"]
[White "Incognito_Knight"]
[Black "ChessFighter_2011"]
[Result "0-1"]
[WhiteElo "2731"]
[BlackElo "2916"]
[TimeControl "180+1"]
[EndTime "9:28:34 PDT"]
[Termination "ChessFighter_2011 won on time"]

1. e4 c5 2. d4 cxd4 3. Qxd4 Nc6 4. Qd3 g6 5. Nc3 Bg7 6. Nf3 d6 7. Be2 Nf6 8. O-O O-O 9. Nd5 Nd7 10. c3 a5 11. Bg5 Nc5 12. Qe3 Ne6 13. Bh4 h6 14.
Rad1 a4 15. a3 Ra5 16. h3 Bd7 17. Rfe1 Rc5 18. Bd3 Nc7 19. Bc2 g5 20. Bg3 Ne6 21. e5 Qa5 22. Qe4 Rc8 23. exd6 Nf8 24. dxe7 Ng6 25.
Bd6 Rb5 26. Nc7 Rxb2 27. e8=Q+ Bxe8 28. Nxe8 Bxc3 29. Re2 Bg7 30. Rd5 Qc3 31. Nxg7 Kxg7 32. h4 g4 33. Ne5 Ncxe5 34. Bxe5+ Nxe5 35. Rxe5 Rxc2 36. Qxg4+ Kf8 37. Rxc2 Qa1+ 0-1

[Event "Early-Titled-Tuesday-Blitz-April-02-2024"]
[Site "Chess.com"]
[Date "2024.04.02"]
[Round "8"]
[White "Cheer_Down"]
[Black "sokidze"]
[Result "0-1"]
[WhiteElo "2468"]
[BlackElo "2796"]
[TimeControl "180+1"]
[EndTime "9:28:34 PDT"]
[Termination "sokidze won on time"]

1. e4 c5 2. Nf3 Nc6 3. d4 cxd4 4. Nxd4 g6 5. c4 Nf6 6. Nc3 d6 7. f3 Nxd4 8. Qxd4 Bg7 9. Be3 O-O 10. Qd2 Qa5 11.
O-O-O Be6 12. Kb1 Rfc8 13. Nd5 Qd8 14. Bd4 Bxd5 15. cxd5 Nd7 16. Bxg7 Kxg7 17. h4 h6 18. Be2 Nc5 19. Rc1 f6 20. Qe3 Qb6 21. f4 Na4 22.
Qxb6 Nxb6 23. Bg4 Rc4 24. Rxc4 Nxc4 25. Rc1 Nd2+ 26. Ka1 Nxe4 27. Rc7 f5 28. Bf3 Kf6 29. Rxb7 Nc5 30. Rc7 a5 31. Kb1 h5 32. Kc2 Rb8 33.
a3 a4 34. Kc1 Nd3+ 35. Kc2 Nc5 36. Kc1 Rb3 0-1

[Event "Early-Titled-Tuesday-Blitz-April-02-2024"]
[Site "Chess.com"]
[Date "2024.04.02"]
[Round "8"]
[White "Goffredo_Fofi"]
[Black "valik3504"]
[Result "1-0"]
[WhiteElo "2577"]
[BlackElo "2539"]
[TimeControl "180+1"]
[EndTime "9:28:34 PDT"]
[Termination "Goffredo_Fofi won by resignation"]

1. e4 c5 2. d3 d5 3. Nd2 Nf6 4. Ngf3 Nc6 5. g3 e6 6. Bg2 Be7 7. O-O O-O 8. Re1 Qc7 9. e5 Nd7 10. Qe2 b5 11. h4 Bb7 12. Nf1 Rfc8 13. Bf4 Qd8 14. N1h2 a5 15. h5 h6 16. g4 Ra6 17.
Qd2 Bf8 18. g5 hxg5 19. Bxg5 Ne7 20. Ng4 Qe8 21. h6 Nf5 22. hxg7 Bxg7 23. Nf6+ Bxf6 24. Bxf6 Nxf6 25. exf6 Qf8 26. Qg5+ Kh8 27. Ne5 Rc7 28. Re3 Nxe3 29. fxe3 Qg8 30. Qf4 d4 31. e4 Qh7 32.
Kf2 Kg8 33. Rh1 Qxh1 34. Bxh1 Ra7 35. Qh6 1-0

[Event "Early-Titled-Tuesday-Blitz-April-02-2024"]
[Site "Chess.com"]
[Date "2024.04.02"]
[Round "8"]
[White "GMKrikor"]
[Black "Zurability"]
[Result "0-1"]
[WhiteElo "2884"]
[BlackElo "2705"]
[TimeControl "180+1"]
[EndTime "9:28:38 PDT"]
[Termination "Zurability won by resignation"]

1. Nf3 Nf6 2. c4 b6 3. Nc3 Bb7 4. d4 e6 5. e3 Be7 6. Bd3 d5 7. cxd5 exd5 8. O-O O-O 9. Bd2 Nbd7 10. Ne5 c5 11. f4 a6 12. Be1 c4 13. Bc2 b5 14. a3 Nb6 15. Bh4 Ne4 16. Bxe7 Qxe7 17. Bxe4 dxe4 18. Qh5 f6 19. Ng4 Rfd8 20. f5 Nd5 21.
Nxd5 Bxd5 22. Rf4 a5 23. Nf2 b4 24. Rh4 h6 25. Ng4 Kf8 26. Nxh6 gxh6 27. Rg4 Bf7 28.
Qxh6+ Ke8 29. axb4 axb4 30. Rxa8 Rxa8 31. Qh8+ Qf8 32.
Qxf6 Kd7 33. Rxe4 c3 34. bxc3 bxc3 35. Qb6 Qb8 36. Qc5 Qb1+ 37. Kf2 Qxe4 38. Qxc3 Ra2+ 0-1

[Event "Early-Titled-Tuesday-Blitz-April-02-2024"]
[Site "Chess.com"]
[Date "2024.04.02"]
[Round "8"]
[White "Kushch_Nikolai"]
[Black "gorgeous1083"]
[Result "0-1"]
[WhiteElo "2415"]
[BlackElo "2233"]
[TimeControl "180+1"]
[EndTime "9:28:40 PDT"]
[Termination "gorgeous1083 won by resignation"]

1. Nf3 d5 2. d4 Nf6 3. c4 e6 4. Nc3 Be7 5. Bg5 O-O 6. e3 c6 7. Rc1 Nbd7 8. Bd3 b6 9. O-O Bb7 10. Qc2 h6 11. Bh4 Rc8 12. Bg3 c5 13. cxd5 Nxd5 14.
Nxd5 Bxd5 15. Qe2 Ba8 16. Rfd1 cxd4 17. Nxd4 Bf6 18. Ba6 Rxc1 19. Rxc1 Nc5 20. Bc4 Qc8 21. Bd3 Qb7 22. f3 Rd8 23. Bb1 Bxd4 24. exd4 Rxd4 25. Bf2 Rd5 26. b4 Nd7 27. Be4 Qb8 28. Bxd5 Bxd5 29. Bg3 Qf8 30. a3 Nf6 31. Be5 Nd7 32.
Bd4 a5 33. Rc7 Qd6 34. Qc2 axb4 35. Rc8+ Nf8 36. axb4 Bb7 37. Rc4 Ba6 38. b5 Bxb5 39. Bxg7 Bxc4 40. Bxf8 Qd4+ 0-1

[Event "Early-Titled-Tuesday-Blitz-April-02-2024"]
[Site "Chess.com"]
[Date "2024.04.02"]
[Round "8"]
[White "Slovineanu"]
[Black "rhwr"]
[Result "1-0"]
[WhiteElo "2460"]
[BlackElo "2251"]
[TimeControl "180+1"]
[EndTime "9:28:40 PDT"]
[Termination "Slovineanu won by resignation"]

1. d4 c5 2. d5 d6 3. Nc3 g6 4. e4 Bg7 5. Bb5+ Bd7 6. a4 a6 7. Bc4 Nf6 8. Nf3 O-O 9. h3 Be8 10. O-O Nbd7 11. Re1 Rb8 12. Bf4 Nh5 13. Bh2 Ne5 14. Be2 Nxf3+ 15. Bxf3 Nf6 16. e5 dxe5 17. Bxe5 Rc8 18. Qe2 Bd7 19. Rad1 Re8 20. g4 h6 21.
b3 Qa5 22. Ne4 Nxe4 23. Qxe4 Bxe5 24. Qxe5 c4 25. d6 Qxe5 26. Rxe5 exd6 27. Rxe8+ Bxe8 28. Bxb7 Rb8 29. Bxa6 cxb3 30. cxb3 Rxb3 31. Ra1 h5 32. a5 Rxh3 33. Bb7 Bb5 34. gxh5 Rxh5 35. a6 Bxa6 36.
Rxa6 d5 37. Rd6 Kg7 38. Bxd5 Rf5 39. Rd7 g5 40. Kf1 Rf4 41. Ke2 Kg6 42. Ke3 f6 43. Be4+ f5 44. Rd6+ Kf7 45. Bd3 Ke7 46. Rg6 Rh4 47. Bxf5 1-0

[Event "Early-Titled-Tuesday-Blitz-April-02-2024"]
[Site "Chess.com"]
[Date "2024.04.02"]
[Round "8"]
[White "KacperKacprzak"]
[Black "superchess02"]
[Result "0-1"]
[WhiteElo "2718"]
[BlackElo "2860"]
[TimeControl "180+1"]
[EndTime "9:28:41 PDT"]
[Termination "superchess02 won by checkmate"]

1. d4 Nf6 2. c4 e6 3. Nc3 Bb4 4. e3 O-O 5. Bd3 d5 6. cxd5 exd5 7. Ne2 Re8 8. O-O c6 9. Bd2 Bd6 10. f3 c5 11. Kh1 Nc6 12. Qc2 c4 13. Bf5 Nb4 14. Qb1 Bxf5 15. Qxf5 g6 16. Qb1 Nd3 17. b3 Qb8 18. g3 b5 19. bxc4 bxc4 20. Nb5 a6 21. Nxd6 Qxd6 22. Qc2 Rab8 23. Rab1 Qe6 24. Kg2 Qf5 25. Qd1 h5 26. Nc3 g5 27. Qe2 Rxb1 28.
Rxb1 g4 29. Rf1 Qg6 30. e4 gxf3+ 31. Qxf3 Nxe4 32. Nxe4 Qxe4 33. Bc3 Qe2+ 34. Kh3 Qxf3 35. Rxf3 Re2 36. Rf5 Rc2 37. Ba5 Nf2+ 38. Kh4 Ne4 39. Rxd5 Rxh2# 0-1

[Event "Early-Titled-Tuesday-Blitz-April-02-2024"]
[Site "Chess.com"]
[Date "2024.04.02"]
[Round "8"]
[White "Harry_Rakkel"]
[Black "XDPS"]
[Result "0-1"]
[WhiteElo "2728"]
[BlackElo "2915"]
[TimeControl "180+1"]
[EndTime "9:28:42 PDT"]
[Termination "XDPS won by checkmate"]

1. e4 c5 2. Nf3 d6 3. d4 cxd4 4.
Nxd4 Nf6 5. Nc3 a6 6. h4 e5 7. Nb3 Be6 8. Bg5 Nbd7 9. a4 Rc8 10. Qd2 Be7 11. Be2 O-O 12. O-O h6 13. Be3 Qc7 14. Rfd1 Rfd8 15. a5 Qb8 16. Bf3 Rc4 17. Qe2 Rdc8 18.
Bd2 R4c6 19. Be1 Bc4 20. Qe3 Nf8 21. Nd2 Be6 22. Nf1 Ng6 23. g3 Bf8 24. Qd2 Rc4 25.
Ne3 Rd4 26. Qe2 Ne7 27. g4 Ng6 28. g5 Nf4 29. Qf1 hxg5 30. hxg5 Nh7 31. Nf5 Nxg5 32. Bh1 Bxf5 33. exf5 Nfh3+ 34. Kh2 Rh4 35. Kg3 Rh6 36. Nd5 Nf4 37. c4 Re8 38. Bd2 Qc8 39. Kg4 Ngh3 40. Bxf4 exf4 41. Re1 Re5 42. Bg2 Qxf5+ 43. Kf3 Ng5# 0-1

[Event "Early-Titled-Tuesday-Blitz-April-02-2024"]
[Site "Chess.com"]
[Date "2024.04.02"]
[Round "8"]
[White "Al_Shima"]
[Black "dropstoneDP"]
[Result "0-1"]
[WhiteElo "2494"]
[BlackElo "2989"]
[TimeControl "180+1"]
[EndTime "9:28:42 PDT"]
[Termination "dropstoneDP won by resignation"]

1. e4 e5 2. Bc4 Nf6 3. d4 exd4 4. Nf3 Bb4+ 5. Bd2 Bxd2+ 6. Nbxd2 O-O 7. O-O d5 8. exd5 Nxd5 9. Nb3 Nb6 10. Be2 Nc6 11.
Nfxd4 Nxd4 12. Nxd4 Qf6 13. c3 Bd7 14. Qc2 Rad8 15. Bd3 g6 16. Rfe1 Rfe8 17. Be4 c6 18. a4 Nc4 19. a5 Nd6 20. Bf3 Rxe1+ 21. Rxe1 c5 22. Ne2 Bf5 23. Qc1 Be4 24. Bxe4 Nxe4 25.
Qe3 Qf5 26. Ng3 Nxg3 27. hxg3 Kg7 28. a6 bxa6 29. Ra1 Rd6 30. b4 cxb4 31. cxb4 Qf6 32. Rb1 Qd4 33. Qa3 Rf6 34. Qa2 h5 35. Qc2 Rb6 36. Qa4 h4 37. gxh4 Qxh4 38. Qa5 Rf6 39. Qc5 Qe4 40. Rf1 Rb6 41. Ra1 Rxb4 42. g3 Rb1+ 43.
Rxb1 Qxb1+ 44. Kh2 Qb6 45. Qc3+ Qf6 46. Qc2 a5 47. Kg2 Qd4 48. Qc7 a4 49. Qc6 a3 50.
Qa6 Qb2 51. Qxa7 a2 0-1

[Event "Early-Titled-Tuesday-Blitz-April-02-2024"]
[Site "Chess.com"]
[Date "2024.04.02"]
[Round "8"]
[White "Imagine_Drag0n"]
[Black "MKlose11"]
[Result "0-1"]
[WhiteElo "2782"]
[BlackElo "2629"]
[TimeControl "180+1"]
[EndTime "9:28:42 PDT"]
[Termination "MKlose11 won on time"]

1. e4 e6 2. d4 d5 3. Nc3 Bb4 4. e5 Ne7 5. Bd2 b6 6. a3 Bxc3 7. Bxc3 Ba6 8. Bxa6 Nxa6 9. Qe2 Nb8 10. h4 c5 11. h5 h6 12. Nf3 Nbc6 13. g4 Rc8 14. O-O-O Qc7 15. Kb1 cxd4 16. Bxd4 Na5 17. Bc3 Nc4 18. Bb4 a5 19. Bxe7 Qxe7 20. Nd4 Qg5 21. Rhe1 a4 22. Rd3 O-O 23. c3 Na5 24. Ka2 Rc4 25. Qe3 Qxg4 26. Rdd1 Nb3 27. Rg1 Qxh5 28. Nxb3 axb3+ 29. Kxb3 b5 30. Rd4 Rfc8 31. Qg3 g6 32. Rgd1 Rxd4 33. Rxd4 Rc4 34. Qe3 Qh1 35. Rxc4 bxc4+ 36. Kb4 Qd1 37. a4 Qb3+ 38. Ka5 Qxb2 39. Ka6 h5 40. a5 h4 41. Ka7 Kg7 42. a6 Qb5 43. Qb6 Qxb6+ 44. Kxb6 h3 45. a7 h2 46. a8=Q h1=Q 47. Qd8 Qf3 48. Kc6 Qxf2 0-1

[Event "Early-Titled-Tuesday-Blitz-April-02-2024"]
[Site "Chess.com"]
[Date "2024.04.02"]
[Round "8"]
[White "MalyDominator"]
[Black "vladoboch"]
[Result "0-1"]
[WhiteElo "2615"]
[BlackElo "2542"]
[TimeControl "180+1"]
[EndTime "9:28:43 PDT"]
[Termination "vladoboch won by resignation"]

1. e4 e5 2. Nf3 Nc6 3. Bb5 a6 4. Ba4 Nf6 5. O-O b5 6. Bb3 Bc5 7. a4 Rb8 8. c3 d6 9. d4 Bb6 10. Qd3 O-O 11. Bg5 h6 12. Bh4 exd4 13. cxd4 g5 14. Bg3 Nb4 15. Qd2 c5 16. dxc5 Bxc5 17. e5 Ne4 18. Qc1 Nxg3 19. hxg3 Bf5 20. exd6 Rc8 21. Nc3 Qxd6 22. Rd1 Qxg3 23. Nd4 Nd3 24.
fxg3 Bxd4+ 25. Kh2 Nxc1 26. Raxc1 Bg7 27. Nd5 Rxc1 28.
Rxc1 Kh8 29. axb5 axb5 30. Rc7 Be6 31. Rb7 Bxb2 32. Rxb5 Bd4 33. Bc2 Rc8 34. Be4 Rc1 35. Ne7 Bg1+ 36. Kh1 Bc5+ 37. Kh2 Bxe7 0-1

[Event "Early-Titled-Tuesday-Blitz-April-02-2024"]
[Site "Chess.com"]
[Date "2024.04.02"]
[Round "8"]
[White "Ergali_Suleimen"]
[Black "Maxfan2008"]
[Result "0-1"]
[WhiteElo "2371"]
[BlackElo "2580"]
[TimeControl "180+1"]
[EndTime "9:28:43 PDT"]
[Termination "Maxfan2008 won on time"]

1. e4 c5 2. Nf3 d6 3. d4 cxd4 4. Nxd4 Nf6 5. Nc3 a6 6. Be3 e5 7. Nb3 Be6 8. f3 Be7 9. Qd2 O-O 10. O-O-O Nbd7 11. g4 b5 12. g5 b4 13. Ne2 Ne8 14. Ng3 a5 15. Kb1 a4 16. Nc1 b3 17. cxb3 axb3 18.
a3 Nb6 19. Nf5 Bxf5 20. exf5 d5 21. f6 gxf6 22. gxf6 Bxf6 23. Rg1+ Bg7 24. Bd3 Kh8 25. Nxb3 Rb8 26. Bh6 Qf6 27. Bxg7+ Nxg7 28. Nc5 Rfc8 29. Rc1 Nc4 30. Bxc4 Rxc5 31. Bxd5 Rcb5 32. b4 Rd8 33. Rc5 Rxc5 34. bxc5 Ne6 35. Qa2 Rb8+ 36. Kc2 Nd4+ 37.
Kd3 Qa6+ 0-1

[Event "Early-Titled-Tuesday-Blitz-April-02-2024"]
[Site "Chess.com"]
[Date "2024.04.02"]
[Round "8"]
[White "Schattman"]
[Black "AlainBruxelles"]
[Result "1-0"]
[WhiteElo "2510"]
[BlackElo "2315"]
[TimeControl "180+1"]
[EndTime "9:28:43 PDT"]
[Termination "Schattman won by resignation"]

1. b3 e5 2. Bb2 d6 3. d4 f6 4. e4 Nh6 5. Qd2 Be7 6. Be2 O-O 7. Nf3 Be6 8. h3 Nd7 9. O-O Qe8 10. c4 Qg6 11. Kh2 Qxe4 12. Bd3 Qf4+ 13. Qxf4 exf4 14. Re1 Kf7 15. Bxh7 Bf5 16. Bxf5 Nxf5 17. Nbd2 Rae8 18. Kg1 Bd8 19. Ne4 Re7 20. Nc3 Rfe8 21. Rxe7+ Nxe7 22. Re1 Nc6 23. Rxe8 Kxe8 24. Nd5 g5 25. h4 Kf7 26.
h5 Kg7 27. g4 fxg3 28. fxg3 g4 29. Nh2 f5 30. Nf4 Kh6 31. Ne6 Kxh5 32. d5 Nce5 33. Nxd8 Nd3 34. Ba3 b6 35. Ne6 N7e5 36. Nxc7 f4 37.
gxf4 Nxf4 38. Bxd6 Ned3 39. Bxf4 Nxf4 40. Nf1 Kh4 41.
Kf2 Nh3+ 42. Ke3 g3 43. Nxg3 Kxg3 44. d6 Ng5 45. d7 Nf7 46. Ne6 1-0

[Event "Early-Titled-Tuesday-Blitz-April-02-2024"]
[Site "Chess.com"]
[Date "2024.04.02"]
[Round "8"]
[White "Yaacovn"]
[Black "Rashad_Zeynalli"]
[Result "1-0"]
[WhiteElo "2862"]
[BlackElo "2697"]
[TimeControl "180+1"]
[EndTime "9:28:44 PDT"]
[Termination "Yaacovn won by resignation"]

1. d4 d5 2. e3 Nf6 3. Bd3 c5 4.
c3 Nc6 5. f4 Bg4 6. Nf3 e6 7. O-O Bd6 8. Qe1 Bf5 9. Qe2 O-O 10.
Ne5 Qc7 11. Nd2 c4 12. Bb1 b5 13. e4 dxe4 14. Nxe4 Nxe4 15. Bxe4 Bxe5 16. fxe5 Bxe4 17. Qxe4 Ne7 18. Bg5 Rab8 19. Rf3 b4 20. Raf1 bxc3 21. bxc3 Rb2 22. Rh3 Ng6 23. Qg4 Qc6 24. Rhf3 Rxa2 25. h4 h5 26. Qxh5 Qe4 27. Bf6 gxf6 28. Rg3 Rb8 29. Rg4 Rbb2 30. Rf2 Qe1+ 31. Rf1 Qe3+ 32.
Kh1 Qd3 33. Rf3 Qxf3 34. Rxg6+ fxg6 35. Qxf3 Rxg2 36. Qxf6 Rh2+ 37. Kg1 Rag2+ 38. Kf1 Rf2+ 39. Qxf2 Rxf2+ 40. Kxf2 a5 41. Ke2 Kg7 42. Kd1 Kh6 43. Kc2 g5 44. hxg5+ Kxg5 45. Kb2 Kf5 46. Ka3 Ke4 47.
Ka4 Kd3 48. d5 exd5 49. e6 d4 50. e7 dxc3 51. e8=Q c2 52. Qe1 c3 53. Qc1 Kc4 54. Qxc2 1-0

[Event "Early-Titled-Tuesday-Blitz-April-02-2024"]
[Site "Chess.com"]
[Date "2024.04.02"]
[Round "8"]
[White "Quattroporte300"]
[Black "Sanyura"]
[Result "0-1"]
[WhiteElo "2500"]
[BlackElo "2617"]
[TimeControl "180+1"]
[EndTime "9:28:44 PDT"]
[Termination "Sanyura won by resignation"]

1. e4 c5 2. Nf3 e6 3. g3 d5 4.
exd5 exd5 5. Bg2 Bd6 6. O-O Ne7 7. d4 Nbc6 8. dxc5 Bxc5 9. Nc3 Bg4 10. h3 Bh5 11. g4 Bg6 12. Nh4 d4 13. Nxg6 hxg6 14.
Ne4 Bb6 15. Bf4 Bc7 16. Qd2 Nd5 17. Bg5 f6 18. Rfe1 Kf8 19. Nc5 Kf7 20. Ne6 Qd6 21. Nxc7 Nxc7 22. Bf4 Qd7 23. Bxc7 Qxc7 24. Bd5+ Kf8 25.
Bxc6 Qxc6 26. Qxd4 Rxh3 27. Qe4 Qc7 28. Qg2 Rh4 29. c3 Rd8 30. Rad1 Rxd1 31. Rxd1 Qf4 32. f3 Qe3+ 33. Kf1 Kg8 34. Re1 Qf4 35. Re4 Qc1+ 36. Re1 Qf4 37. Re4 Qd6 38. Ke1 Rh2 39. Re8+ Kh7 40.
Qg3 Qxg3+ 0-1

[Event "Early-Titled-Tuesday-Blitz-April-02-2024"]
[Site "Chess.com"]
[Date "2024.04.02"]
[Round "8"]
[White "Matols"]
[Black "Grossboss19"]
[Result "0-1"]
[WhiteElo "2372"]
[BlackElo "2565"]
[TimeControl "180+1"]
[EndTime "9:28:44 PDT"]
[Termination "Grossboss19 won on time"]

1. d4 Nf6 2. c4 e6 3. g3 c5 4.
d5 d6 5. Bg2 Be7 6. Nc3 O-O 7.
Nf3 e5 8. e4 Na6 9. O-O Ne8 10.
Ne1 f5 11. f4 Bf6 12. Nd3 exf4 13. Bxf4 Nb4 14. Kh1 g6 15. a3 Nxd3 16. Qxd3 Ng7 17. Rae1 Bxc3 18. Qxc3 fxe4 19. Bxe4 Bh3 20. Bg2 Bxg2+ 21.
Kxg2 Qd7 22. Bh6 Rxf1 23. Rxf1 Nf5 24. Bg5 Re8 25. Rf2 h6 26. Bf4 Qe7 27. Qf3 Qe4 28. Qxe4 Rxe4 29. b3 h5 30. h3 Re8 31. g4 hxg4 32.
hxg4 Nd4 33. Bxd6 Nxb3 34. g5 b6 35. Rf6 Kg7 36. Kf2 Nd2 37. Kg2 Ne4 0-1